 Dungeon Crawl Stone Soup version 0.21-a0-584-g185da8e (webtiles) character file.

44 wirefist the Ducker (level 3, -1/28 HPs)
             Began as a Demonspawn Gladiator on Dec 21, 2017.
             Slain by Sigmund
             ... wielding a +0 scythe
              (9 damage)
             ... on level 2 of the Dungeon.
             The game lasted 00:02:54 (840 turns).

wirefist the Ducker (Demonspawn Gladiator)           Turns: 840, Time: 00:02:55

Health: -1/28      AC:  4    Str: 19    XL:     3   Next: 39%
Magic:  12/12      EV: 13    Int:  9    God:
Gold:   53         SH:  0    Dex: 15    Spells: 2/2 levels left

rFire    . . .     SeeInvis .   a - +1 long sword
rCold    . . .     Gourm    .   (no shield)
rNeg     . . .     Faith    .   l - +0 robe
rPois    .         Spirit   .   c - +0 helmet
rElec    .         Reflect  .   (no cloak)
rCorr    .         Harm     .   t - +0 pair of gloves
MR       .....                  (no boots)
Stlth    +.........             (no amulet)
HPRegen  0.09/turn              h - ring of magical power
MPRegen  0.13/turn              (no ring)

@: mighty
A: hooves 1
a: no special abilities


You were on level 2 of the Dungeon.
You were not hungry.

You visited 1 branch of the dungeon, and saw 2 of its levels.

You collected 53 gold pieces.

Inventory:

Hand Weapons
 a - a +1 long sword (weapon)
Missiles
 d - 3 throwing nets (quivered)
Armour
 b - a +0 leather armour
 c - a +0 helmet (worn)
 l - a +0 robe (worn)
 t - a +0 pair of gloves (worn)
Jewellery
 h - a ring of magical power (left hand)
 k - a +3 ring of slaying {unknown}
Scrolls
 e - a scroll of magic mapping {unknown}
 j - 2 scrolls of random uselessness
 m - a scroll of identify
 n - a scroll of enchant armour {unknown}
 o - a scroll of immolation {unknown}
 p - a scroll of enchant weapon
 q - a scroll of teleportation
 r - a scroll of fear {unknown}
Potions
 g - a potion of heal wounds {unknown}
 i - a potion of might
Comestibles
 f - 4 rations
 s - a chunk of flesh


   Skills:
 + Level 2.7 Fighting
 + Level 3.2 Long Blades
 - Level 1.7 Throwing
 + Level 3.2 Dodging


You had 2 spell levels left.
You didn't know any spells.

Dungeon Overview and Level Annotations

Branches:
Dungeon (2/15)

Altars:
Nemelex Xobeh

Annotations:
D:2 Sigmund


Innate Abilities, Weirdness & Mutations

You have large cloven feet.


Message History

Sigmund is heavily wounded.
Sigmund casts a spell at you. You resist with significant effort.
You barely miss Sigmund. You kick Sigmund!
Sigmund is severely wounded.
Sigmund hits you with a scythe.
You barely miss Sigmund. You kick Sigmund, but do no damage.
Sigmund is severely wounded.
Sigmund casts a spell.
Sigmund flickers and vanishes!
Deactivating autopickup; reactivate with Ctrl-A.
You closely miss something. Something hits you!
You closely miss something. Your kick misses something.
Something barely misses you.
You closely miss something. You kick something. Something hits you.
You closely miss something. You miss something. Something hits you.
* * * LOW HITPOINT WARNING * * *
You miss something. Your kick misses something. Something hits you!
You die...

#.#.#...#
#.#.#.###
#.#.#)# #@#.#.#
#.#.#.#
#.#.#.#########
#.#.#........<#
#.#.###########
#.#@# #.{.#
###.# #.# ###


There were no monsters in sight!

Vanquished Creatures
  A worm (D:2)
  3 dart slugs (D:1)
  2 leopard geckos (D:1)
  2 bats (D:1)
  2 giant cockroaches
  4 goblins (D:1)
  2 hobgoblins
  2 jackals (D:1)
  4 frilled lizards
  4 kobolds (D:1)
  9 rats
35 creatures vanquished.

Notes
Turn   | Place    | Note
-------+----------+-------------------------------------------
     0 | D:1      | wirefist the Demonspawn Gladiator began the quest for the Orb.
     0 | D:1      | Reached XP level 1. HP: 16/16 MP: 1/1
    79 | D:1      | Gained mutation: You have large cloven feet. [demonic ancestry]
    79 | D:1      | Reached XP level 2. HP: 22/22 MP: 2/2
   376 | D:1      | Reached XP level 3. HP: 24/28 MP: 3/3
   755 | D:2      | Found a sparkling altar of Nemelex Xobeh.
   821 | D:2      | Noticed Sigmund
   840 | D:2      | Slain by Sigmund

Vault maps used:
D:1:      mrwooster_arrival_statue
D:2:      makhleb_heckhound_becter, first_ration, minmay_misc_feat_five,
          nemelex_spade_bored_becter, uniq_sigmund, uniq_robin

Skill      XL: |  1  2 |
---------------+-------+-----
Dodging        | 3 |  3.2
Long Blades    | 3 |  3.2
Fighting       | |  2.7
Throwing       | |  1.7

Action                   || total
-------------------------++-------
Melee: Long sword        ||    69
       Kick              ||    17
  Use: Scroll            ||     5
       Potion            ||     1
Armor: Leather armour    ||     6
       Robe              ||     3
Dodge: Dodged            ||    61
       Rpst.: Long sword ||    21

Table legend:
 A = Spawn XP
 B = Non-spawn XP
 C = Spawn XP percentage of total XP
 D = Spawn monster count
 E = Non-spawn monster count
 F = Spawn count percentage of total count
 G = Total turns spent on level
                    A         B        C        D         E        F      G
               +---------+---------+-------+---------+---------+-------+---------
         Total |       0 |      63 |   0.0 |       0 |      35 |   0.0 |   840
               +---------+---------+-------+---------+---------+-------+---------
           D:1 |       0 |      52 |   0.0 |       0 |      30 |   0.0 |   659
           D:2 |       0 |      11 |   0.0 |       0 |       5 |   0.0 |   181
               +---------+---------+-------+---------+---------+-------+---------
